AoeStats
← bailey

African Clearing

510467290Analyzed
4v4 RM · 10h ago on Oct 1, 2026· 24m 10s· 8 players
Game mode
Random Map
Map size
Large (8 player)
Population
200
Speed
Normal
Resources
Standard
Victory
Conquest
Starting age
Dark Age
Ending age
Imperial Age
RankedLock teamsTeams togetherTeam positionsShared explorationLock speedFull tech treeHidden civsTurbo modeCheats
Victory
Defeat
🇻🇳 Mongols · Vietnam
1333
+16
🇨🇦 Dravidians · Canada
1300
+18
🇨🇦 Koreans · Canada
1289
+18
🇨🇦 Goths · Canada
1280
+18
🇺🇸 Franks · United States
1357
-18
🇺🇸 Poles · United States
1339
-18
🇨🇳 Georgians · China
1325
-17
🇺🇸 Khitans · United States
1318
-17
treehugger
6:11 Loom
12:57 Feudal Age
13:42 Double-Bit Axe
15:21 Forging
mR_GrincH_
6:48 Loom
14:28 Feudal Age
17:18 Wheelbarrow
1920343014
16:32 Feudal Age
14:48 Loom
bailey
11:39 Loom
14:08 Feudal Age
18:05 Castle Age
16:31 Double-Bit Axe
Abhinav
9:22 Loom
12:09 Feudal Age
12:43 Double-Bit Axe
14:22 Fletching
25:51 Castle Age
sharmamehul
3:39 Loom
14:22 Feudal Age
18:14 Castle Age
16:30 Double-Bit Axe
19:24 Bow Saw
22:06 Gold Mining
22:06 Stone Mining
23:03 Wheelbarrow
23:26 Horse Collar
Tiểu Long Nữ
4:01 Loom
11:35 Feudal Age
12:05 Double-Bit Axe
14:16 Forging
19:46 Castle Age
18:11 Stone Mining
22:29 Iron Casting
AgRiMz
5:56 Loom
13:49 Feudal Age
17:53 Castle Age
15:57 Stone Mining
15:54 Double-Bit Axe
20:23 Bow Saw
20:29 Scale Mail Armor
24:16 Squires
24:27 Arson
Connection lost

Rejoining the realm…

Still unreachable

The connection could not be restored.

Session expired

The server has moved on; the page needs a fresh start.